Map: Ley Lines

Players

kenO - Winner!

  • Race: Protoss Protoss
  • League: Diamond
  • Spawn Location: 7:00

A.I. 1 (Very Easy)

  • Race: Protoss Protoss
  • Spawn Location: 1:00

VOD

Have the link to the VOD?

Description

Time

  • Played on: Feb. 5, 2025, 8:34 a.m.
  • Length: 9:01
Show
View Real Time Build Order
Export as new Build Order

kenO Protoss - Winner!

Build Orders: Blink Stalkers 

Get SALT Encoding   

  12  0:00  Probe  
  13  0:12  Probe  
  14  0:17  Pylon  
  14  0:23  Probe  
  15  0:31  Probe  
  16  0:38  Gateway  
  16  0:39  Probe  
  16  0:45  Assimilator  
  17  0:51  Probe  
  17  0:54  Assimilator  
  18  0:59  Probe  
  19  1:07  Probe, Gateway  
  20  1:17  Probe  
  21  1:25  Cybernetics Core  
  21  1:29  Probe  
  22  1:34  Pylon  
  22  1:41  Probe  
  23  1:53  Probe  
  24  1:59  Stalker  
  24  2:02  Sentry, Warp Gate  
  24  2:05  Probe  
  29  2:11  Pylon  
  29  2:22  Stalker  
  29  2:26  Stalker  
  33  2:46  Nexus  
  33  2:48  Probe  
  34  2:52  Sentry  
  34  2:56  Sentry  
  38  3:01  Probe  
  39  3:07  Pylon  
  39  3:10  Shield Battery  
  39  3:18  Twilight Council  
  39  3:25  Probe  
  40  3:35  Blink  
  40  3:37  Probe  
  41  3:46  Gateway  
  41  3:49  Probe  
  41  3:51  Stalker  
  44  3:56  Probe  
  44  3:57  Stalker  
  47  4:06  Probe  
  47  4:07  Probe  
  49  4:17  Gateway  
  49  4:19  Probe  
  50  4:25  Probe  
  50  4:28  Sentry  
  50  4:31  Probe  
  54  4:35  Stalker  
  56  4:39  Probe  
  56  4:42  Pylon  
  56  4:43  Probe  
  56  4:44  Stalker  
  60  4:52  Stalker  
  62  5:00  Probe x2  
  62  5:05  Stalker, Pylon  
  66  5:09  Stalker  
  66  5:12  Stalker  
  70  5:24  Nexus  
  70  5:31  Stalker  
  70  5:32  Stalker  
  74  5:39  Stalker  
  74  5:42  Probe  
  77  5:43  Probe  
  78  6:06  Pylon, Charge  
  78  6:09  Pylon  
  78  6:24  Pylon, Probe  
  78  6:25  Probe  
  80  6:32  Probe  
  80  6:33  Gateway  
  80  6:34  Gateway  
  80  6:36  Robotics Facility  
  80  6:37  Probe x2  
  83  6:40  Probe  
  83  6:46  Stalker  
  86  6:47  Stalker  
  86  6:49  Probe x2  
  86  6:50  Probe  
  86  6:51  Nexus  
  91  6:55  Gateway  
  91  6:58  Gateway  
  91  7:01  Probe x2  
  93  7:02  Probe, Gateway  
  94  7:09  Gateway  
  94  7:16  Warp Prism  
  94  7:17  Pylon  
  94  7:18  Probe x3  
  94  7:19  Pylon  
  94  7:20  Pylon  
  99  7:30  Probe  
  99  7:31  Probe  
  99  7:35  Stalker x2  
  99  7:36  Stalker  
  107  7:39  Stalker  
  107  7:43  Stalker  
  111  7:47  Zealot  
  111  7:50  Probe x2  
  111  7:51  Probe  
  116  7:52  Zealot  
  118  7:59  Gateway  
  118  8:05  Probe x3  
  121  8:10  Zealot x2  
  121  8:11  Zealot x3  
  131  8:13  Stalker  
  131  8:16  Zealot  
  131  8:17  Zealot  
  137  8:20  Zealot  
  137  8:23  Zealot  
  141  8:31  Zealot x5  
  151  8:42  Zealot x2  
  151  8:47  Pylon  
  155  8:49  Pylon  
  155  8:50  Pylon  
  155  8:55  Pylon  
Show
View Real Time Build Order
Export as new Build Order

A.I. 1 (Very Easy) Protoss 

Build Orders:  

Get SALT Encoding   

  12  0:00  Probe  
  13  0:13  Probe  
  14  0:19  Pylon  
  14  0:37  Assimilator  
  14  0:42  Gateway  
  14  0:45  Pylon  
  14  1:12  Assimilator  
  14  1:22  Zealot  
  14  1:23  Probe  
  14  1:31  Cybernetics Core, Probe  
  18  1:41  Probe  
  19  1:53  Probe  
  20  1:57  Warp Gate  
  20  2:02  Probe  
  21  2:10  Probe  
  22  2:35  Stalker  
  24  3:03  Pylon, Stalker  
  26  3:35  Zealot  
  28  5:42  Stalker  
  30  5:46  Pylon  
  24  5:54  Probe  
  14  6:06  Probe  
  14  6:11  Zealot  
  17  6:15  Probe  
  18  6:23  Probe  
  18  6:32  Probe  
  19  6:39  Stalker  
  22  6:44  Probe  
  23  6:57  Probe  
  24  7:06  Robotics Facility  
  24  7:08  Zealot  
  26  7:09  Probe  
  26  7:11  Nexus  
  22  7:18  Probe  
  23  7:26  Probe  
  23  7:35  Probe  
  23  7:37  Zealot  
  27  7:47  Probe  
  28  7:53  Observer  
  29  7:59  Probe  
  30  8:05  Stalker  
  30  8:09  Observer  
  33  8:22  Probe  
  32  8:34  Stalker, Probe  
  32  8:36  Pylon  
  3  8:58  Nexus  
Tags
 
Composition
Blink Stalkers
League
Diamond
Matchup
PvP
Spawn Locations
Cross Positions
Add a new tag
Caveats
  • Supply blocks, unpowered buildings, or Contaminate may cause inaccurate times.
  • Supply counts are checked every 10 seconds.